Yev-Ruu, chaotic female vampiric Convict ---------------- -------- ########### |..............| ###.<.....| # -------# ##...............| |......| ### |I..$.|# ------- # ------|--------- ##-......| ------- # @III...|# ##......| ### ## # # ----|--- |.....-## ###|I....|# # |.....| # # # ### # |.....| # ---.---########+......#### # # # # |.....| ### # |.....| # # ### # ----|-- # ### ------- # ## # # # # # ---.-----.- ### ## # # ### |.........| # ---|---- # # # |..........## |......| # # # |...<.....| |......| # # ----------- |......| -|---# -------- |.+.|# |....# |{.>| ----- Yev-Ruu the Jail-bird Experience level: 9 Strength: 15 Dexterity: 14 Constitution: 20 Intelligence: 10 Wisdom: 9 Charisma: 9 Health: 98(99) Energy: 8(8) AC: -6 Gold: 302 Moves: 5680 Your Inventory: Coins $ - 302 gold pieces Armor b - an uncursed +0 striped shirt (being worn) j - an [uncursed] +5 hooded cloak [dwarvish] (being worn) t - an [uncursed] +0 dwarvish mithril-coat (being worn) A - an [uncursed] +0 pair of gloves called reg [leather] (being worn) B - an [uncursed] +0 pair of walking shoes [low] (being worn) J - an [uncursed] +0 blue and green shield [elven] (being worn) K - an [uncursed] +0 leather hat [elven leather helm] (being worn) Comestibles F - an uncursed Hyper Futa Mare Dick named But not Forgotten Potions W - a [blessed] potion of speed Tools f - an [uncursed] bag [sack] w - a cursed magic lamp (lit) Iron balls c - an uncursed rusty heavy iron ball (weapon in hand) Spells known in the end: Name Level Category Fail Memory a - light 1 divination 100% [||||||||] Your skills at the end: Fighting Skills Weapon Skills flail [Basic / Expert] sling [Basic / Skilled] Spellcasting Skills Final Attributes: You were piously aligned. Hunger level was 499. Your alignment was 37 / 38. Monster difficulty range was 1 - 9. Level difficulty was 10. You were immune to poison. You were immune to level-drain. You were immune to sickness. You were blinded. You could fly. You could survive without air. You regenerated. Your luck was zero. You are dead. Vanquished creatures: a large mimic a wumpus 2 small mimics a quantum mechanic a leocrotta an energy vortex a human mummy 2 ettin zombies a Grey-elf a watchman a cockatrice an ice vortex a lizard a chickatrice 2 dust vortices a snake 2 rope golems 2 soldier ants 3 bugbears a water nymph 8 Uruk-hai 2 rock piercers 3 ponies a shrieker 8 gnome lords a red naga hatchling 2 gray oozes a barrow wight a wax golem a floating eye 6 dwarves 8 hill orcs a rothe a centipede 2 giant bats an orc zombie 2 iguanas 5 hobbits 3 large kobolds 4 hobgoblins 2 yellow molds a green mold 2 red molds 27 gnomes 4 garter snakes a gnome zombie 2 geckos 4 jackals a fox 4 kobolds 3 goblins a sewer rat 9 grid bugs 2 bats a lichen a kobold zombie 7 newts 160 creatures vanquished. Voluntary challenges: You went without food. You never hit with a wielded weapon. You read items or engraved 9 times. You put on armor 15 times. You never genocided any monsters. You never polymorphed an object. You never changed form. You used no wishes. You abstained from Elbereth's help. You never encountered a bones level. You never used any Sokoban shortcuts. Dungeon overview: The Dungeons of Doom: levels 1 to 10 Level 1 some fountains a long staircase Level 2 stairs to The Gnomish Mines Level 3 a sink Level 4 a scroll shop Level 7 an altar, a fountain Level 8 some fountains Level 9 many fountains Level 10 <- You were here a fountain stairs to Sokoban The Gnomish Mines: levels 3 to 5 Level 3 stairs to The Dungeons of Doom Level 5 a fountain, some trees Sokoban: Level 9 a magic chest stairs to The Dungeons of Doom History has recorded: On T:1 you entered the Dungeons of Doom to retrieve the Amulet of Yendor! On T:634 you reached level 2 of The Dungeons of Doom. On T:684 you advanced to experience level 2. On T:832 you advanced to experience level 3. On T:972 you reached level 1 of The Gnomish Mines. On T:979 you advanced to experience level 4. On T:997 you advanced to experience level 5. On T:1092 you advanced to experience level 6. On T:1414 you reached level 2 of The Gnomish Mines. On T:1530 you advanced to experience level 7. On T:1894 you reached level 3 of The Gnomish Mines. On T:2138 you reached level 3 of The Dungeons of Doom. On T:2633 you reached level 4 of The Dungeons of Doom. On T:2714 you advanced to experience level 8. On T:3089 you reached level 5 of The Dungeons of Doom. On T:3316 you reached level 6 of The Dungeons of Doom. On T:3910 you reached level 7 of The Dungeons of Doom. On T:4438 you reached level 8 of The Dungeons of Doom. On T:4918 you advanced to experience level 9. On T:4949 you reached level 9 of The Dungeons of Doom. On T:5436 you reached level 10 of The Dungeons of Doom. On T:5493 you reached level 3 of Sokoban. Latest messages: It misses. You hit it. It bites! You hit it. It bites! It touches you! You hear its hissing! It bites! It misses. You are slowing down. [HP-2=97] Your limbs are stiffening. [HP+1=98] You begin praying to Tymora. Your limbs have turned to stone. [HP+1=99] You have turned to stone. It bites! It touches you! You hear its hissing! You are a statue. The sack is empty. Final status: Goodbye Yev-Ruu the Convict... You turned to stone in The Dungeons of Doom on dungeon level 10 with 11364 points, and 302 pieces of gold, after 5680 moves. You were level 9 with a maximum of 99 hit points when you turned to stone.